 Dungeon Crawl Stone Soup version 0.29.1-15-g9cfb28693d (webtiles) character file.

Game seed: 4120758108697656488

2 H0rd4k the Charlatan (level 1, 0/15 HPs)
             Began as a Human Artificer on Apr 19, 2023.
             Slain by a hobgoblin (3 damage)
             ... on level 1 of the Dungeon.
             The game lasted 00:00:37 (64 turns).

H0rd4k the Charlatan (Human Artificer)                Turns: 64, Time: 00:00:37

Health: 0/15       AC:  3    Str: 12    XL:     1   Next: 33%
Magic:  1/1        EV: 11    Int: 11    God:
Gold:   0          SH:  0    Dex: 13    Spells: 0/0 levels left

rFire   . . .      SeeInvis .   a - +0 club
rCold   . . .      Faith    .   (no shield)
rNeg    . . .      Spirit   .   b - +0 leather armour
rPois   .          Reflect  .   (no helmet)
rElec   .          Harm     .   (no cloak)
rCorr   .          Rampage  .   (no gloves)
Will    .....                   (no boots)
Stlth   +.........              (no amulet)
HPRegen 0.05/turn               (no ring)
MPRegen 0.07/turn               (no ring)

@: no status effects
A: no striking features
a: no special abilities


You were on level 1 of the Dungeon.
You visited 1 branch of the dungeon, and saw 1 of its levels.

Inventory:

Hand Weapons
 a - a +0 club (weapon)
Armour
 b - a +0 leather armour (worn)
Wands
 c - a wand of flame (10) (quivered)
 d - a wand of charming (14)
 e - a wand of iceblast (5)
Scrolls
 f - a scroll of enchant weapon {unknown}


   Skills:
 + Level 1.0 Fighting
 + Level 0.2 Maces & Flails
 - Level 2.0 Armour
 + Level 1.0 Dodging
 + Level 1.0 Stealth
 + Level 3.1 Evocations


You couldn't memorise any spells.
You didn't know any spells.
Your spell library was empty.

Dungeon Overview and Level Annotations

Branches:
Dungeon (1/15)

Altars:


Message History

Your giant cockroach bites the hobgoblin.
The hobgoblin hits your giant cockroach.
Your giant cockroach dies!
The hobgoblin splashes around in the water.
You hit the hobgoblin but do no damage.
The hobgoblin is moderately wounded.
The hobgoblin splashes around in the water.
You closely miss the hobgoblin. Your punch misses the hobgoblin.
The hobgoblin is moderately wounded.
The hobgoblin barely misses you.
You enter the shallow water.
Moving in this stuff is going to be slow.
Aiming: Throw Flame
Press: ? - help, Shift-Dir - straight line, f - hobgoblin
Aim: a hobgoblin (moderately wounded, 71% to hit)
The puff of flame misses the hobgoblin.
The hobgoblin hits you.
* * * LOW HITPOINT WARNING * * *
Unknown command.
Aiming: Throw Flame
Press: ? - help, Shift-Dir - straight line, f/p - hobgoblin
Aim: a hobgoblin (moderately wounded, 71% to hit)
The puff of flame misses the hobgoblin.
The hobgoblin barely misses you.
Unknown command.
Aiming: Throw Flame
Press: ? - help, Shift-Dir - straight line, f/p - hobgoblin
Aim: a hobgoblin (moderately wounded, 71% to hit)
The puff of flame hits the hobgoblin!
You kill the hobgoblin!
Unknown command.
Aiming: Throw Flame
Press: ? - help, Shift-Dir - straight line, f - hobgoblin
Aim: a hobgoblin (severely wounded, 71% to hit)
The puff of flame misses the hobgoblin.
The hobgoblin hits you but does no damage.
Unknown command.
Aiming: Throw Flame
Press: ? - help, Shift-Dir - straight line, f/p - hobgoblin
Aim: a hobgoblin (severely wounded, 71% to hit)
The puff of flame misses the hobgoblin.
The hobgoblin hits you.
You die...

#..≈~~~.~~~~..#
#..~~~~.~~~~..#
#.[≈~~~.~~~~..#
#..~~~~.≈~~~..#
#..~~≈~.~≈≈~.##
#..~≈≈~.~≈~~.#
...P~~...~~P.#
#............#
#......<...g@#
#............#
#..P≈~...~§P.#
#..≈~≈~.~~≈§.#
#..~≈≈~.~§~~.#
...~~~~.~~§~.#
...≈~~§.≈~~~.#
.#.~~~~.~~~~.#
#.~~~~†~~~~.#


You could see a hobgoblin.

Vanquished Creatures
  A hobgoblin (D:1)
  A rat (D:1)
2 creatures vanquished.

Vanquished Creatures (others)
  A giant cockroach (D:1)
  A plant (D:1)
2 creatures vanquished.

Grand Total: 4 creatures vanquished

Notes
Turn   | Place    | Note
-------+----------+-------------------------------------------
     0 | D:1      | H0rd4k the Human Artificer began the quest for the Orb.
     0 | D:1      | Reached XP level 1. HP: 15/15 MP: 1/1
    64 | D:1      | Slain by a hobgoblin

Illustrated notes

Levels and vault maps discovered:
D:1:      giann_bridges, layout_rooms, hangedman_decor_push

Action                   || total
-------------------------++-------
Melee: Club              ||    16
Evoke: Wand              ||     6
Armor: Leather armour    ||     7
Dodge: Dodged            ||    23
